 Dungeon Crawl Stone Soup version 0.18.1-5-g4a78601 (webtiles) character file.

86 GreamJoe the Chucker (level 4, 0/45 HPs)
             Began as an Ogre Hunter on May 13, 2016.
             Slain by a bat (1 damage)
             ... on level 3 of the Dungeon.
             The game lasted 00:05:07 (1118 turns).

GreamJoe the Chucker (Ogre Hunter)                  Turns: 1118, Time: 00:05:08

Health: 0/45       AC:  3    Str: 18    XL:     4   Next: 49%
Magic:  4/4        EV: 10    Int: 10    God:
Gold:   53         SH:  0    Dex: 10    Spells: 0 memorised, 3 levels left

rFire  . . .     SeeInvis .     a - +0 short sword
rCold  . . .     Gourm    .     b - +0 robe
rNeg   . . .     Faith    .     (no shield)
rPois  .         Spirit   .     (helmet restricted)
rElec  .         Dismiss  .     (no cloak)
rCorr  .         Reflect  .     (gloves unavailable)
SustAt .         Harm     .     (boots unavailable)
MR     .....                    (no amulet)
Stlth  +.........               (no ring)
                                (no ring)

@: not resistant to hostile enchantments, very unstealthy
A: unfitting armour, tough skin 1
a: no special abilities


You were on level 3 of the Dungeon.
You were not hungry.

You visited 1 branch of the dungeon, and saw 3 of its levels.

You collected 53 gold pieces.

Inventory:

Hand Weapons
 a - a +0 short sword (weapon)
Armour
 b - a +0 robe (worn)
 k - a +0 leather armour
 l - a +0 pair of gloves
 q - a +0 chain mail
Scrolls
 i - a scroll of enchant weapon {unknown}
 j - a scroll of remove curse {unknown}
 m - a scroll of teleportation {unknown}
 r - a scroll of blinking {unknown}
Potions
 e - a potion of flight {unknown}
 g - a potion of curing {unknown}
 o - a potion of haste {unknown}
Comestibles
 f - 3 bread rations
 h - a meat ration
 n - a fruit


   Skills:
 + Level 3.4 Fighting
 + Level 5.2 Throwing
 + Level 2.4 Dodging
 + Level 0.7 Stealth


You had 3 spell levels left.
You didn't know any spells.

Dungeon Overview and Level Annotations

Branches:
Dungeon (3/15)

Altars:
Trog

Annotations:
D:3 buf2's ghost, amateur HEHu


Innate Abilities, Weirdness & Mutations

You are too large for most types of armour.
You have tough skin (AC +1).


Message History

Buf2's ghost hits you.
* * * LOW HITPOINT WARNING * * *
You hit buf2's ghost.
Buf2's ghost is heavily damaged.
The gnoll hits you from afar with a halberd.
* * * LOW HITPOINT WARNING * * *
Buf2's ghost completely misses you.
You miss buf2's ghost.
Buf2's ghost is heavily damaged.
The gnoll barely misses you. Buf2's ghost closely misses you.
Buf2's ghost hits you.
* * * LOW HITPOINT WARNING * * *
Buf2's ghost whispers, "I have become one of them."
There is a stone staircase leading down here.
A bat comes into view.
Buf2's ghost hits you.
* * * LOW HITPOINT WARNING * * *
Found a meat ration.
The bat hits you.
You die...

############...#.##
#..........
#.(.........#..# #
.........
####.#########>#..#.#
......>. .....##
#.#..#.# .......
......# #g#....
###### ......# #.#..#
....(.# #W#..#
....(.# #####..b.#
#'##(.. ..%.....@.#
.. ).############.#
.. ... ... .. ...
..... ######


You could see buf2's ghost and a bat.

Vanquished Creatures
  A jelly (D:3)
  3 gnolls (D:3)
  3 giant geckos
  4 bats
  A giant cockroach (D:3)
  2 goblins
  2 hobgoblins
  3 jackals (D:3)
  2 giant newts
  3 kobolds
  3 rats
  A plant (D:1)
28 creatures vanquished.

Notes
Turn   | Place    | Note
--------------------------------------------------------------
     0 | D:1      | GreamJoe the Ogre Hunter began the quest for the Orb.
     0 | D:1      | Reached XP level 1. HP: 22/22 MP: 1/1
   417 | D:2      | Found a bloodstained altar of Trog.
   521 | D:2      | Reached XP level 2. HP: 29/29 MP: 2/2
   900 | D:3      | Reached XP level 3. HP: 37/37 MP: 3/3
   915 | D:3      | Reached skill level 5 in Throwing
  1071 | D:3      | Reached XP level 4. HP: 37/45 MP: 4/4
  1072 | D:3      | Noticed buf2's ghost (amateur HEHu)
  1085 | D:3      | HP: 1/45 [gnoll/halberd (6)]
  1093 | D:3      | HP: 1/45 [buf2's ghost (2)]
  1117 | D:3      | HP: 1/45 [buf2's ghost (3)]
  1118 | D:3      | Slain by a bat

Skill      XL: |  1  2  3 |
---------------+----------+-----
Dodging        | 2 |  2.4
Fighting       | 3 |  3.4
Throwing       | 5 |  5.2
Stealth        | |  0.7

Action                   |  1- 3 |  4- 6 || total
-------------------------+-------+-------++-------
Melee: Short sword       |   108 |     5 ||   113
Throw: Large rock        |    30 |     4 ||    34
       Throwing net      |     3 |     1 ||     4
  Eat: Royal jelly       |     1 |       ||     1
Armor: Robe              |    30 |     1 ||    31
Dodge: Dodged            |    43 |     9 ||    52
